 Dungeon Crawl Stone Soup version 0.21.1-1-g345015f (webtiles) character file.

93 Fang the Skirmisher (level 4, -5/43 HPs)
             Began as a Gargoyle Berserker on May 16, 2018.
             Was a Believer of Trog.
             Slain by cardinal's ghost (6 damage)
             ... on level 3 of the Dungeon.
             The game lasted 00:02:14 (1613 turns).

Fang the Skirmisher (Gargoyle Berserker)            Turns: 1613, Time: 00:02:15

Health: -5/43      AC:  5    Str: 26    XL:     4   Next: 62%
Magic:  4/4        EV: 12    Int:  8    God:    Trog [**....]
Gold:   56         SH:  0    Dex:  9    Spells: 3/3 levels left

rFire    . . .     SeeInvis .   a - +0 hand axe
rCold    . . .     Gourm    .   (no shield)
rNeg     + . .     Faith    .   b - +0 animal skin
rPois    ∞         Spirit   .   (no helmet)
rElec    +         Reflect  .   (no cloak)
rCorr    .         Harm     .   (no gloves)
MR       .....                  (no boots)
Stlth    ..........             (no amulet)
HPRegen  0.14/turn              (no ring)
MPRegen  0.09/turn              (no ring)

@: berserking, very quick
A: negative energy resistance 1, electricity resistance, unbreathing,
petrification resistance, rot immunity, AC +3
a: Berserk, Trog's Hand, Burn Spellbooks, Renounce Religion


You were on level 3 of the Dungeon.
You worshipped Trog.
Trog was pleased with you.
You were very hungry.

You visited 1 branch of the dungeon, and saw 3 of its levels.

You collected 56 gold pieces.

Inventory:

Hand Weapons
 a - a +0 hand axe (weapon)
Armour
 b - a +0 animal skin (worn)
Jewellery
 d - an uncursed ring of magical power {unknown}
 j - an uncursed ring of positive energy {unknown}
 o - an uncursed ring of magical power {unknown}
 q - an uncursed ring of poison resistance {unknown}
Scrolls
 e - a scroll of fear {unknown}
 h - 3 scrolls of remove curse {unknown}
 i - 2 scrolls of identify {unknown}
 m - a scroll of teleportation {unknown}
 n - a scroll of immolation {unknown}
Potions
 f - 3 potions of flight {unknown}
 g - a potion of curing {unknown}
 k - 2 potions of haste {unknown}
 l - 2 potions of invisibility {unknown}
 p - a potion of cancellation {unknown}
Comestibles
 c - 6 rations


   Skills:
 + Level 4.3 Fighting
 + Level 3.7 Axes
 + Level 2.3 Armour
 + Level 2.1 Dodging
 + Level 0.1 Stealth


You had 3 spell levels left.
You didn't know any spells.

Dungeon Overview and Level Annotations

Branches:
Dungeon (3/15)

Altars:

Annotations:
D:3 Jessica; cardinal's ghost, amateur DrBe


Innate Abilities, Weirdness & Mutations

You are resistant to torment.
Your stone body is resilient. (AC +3)
You are immune to poison.
You resist negative energy. (rN+)
You are resistant to electric shocks. (rElec)
You can survive without breathing.
You are immune to petrification.
You are immune to rotting.


Message History

The frilled lizard barely misses you.
You barely miss cardinal's ghost.
Cardinal's ghost is moderately damaged.
You miss the frilled lizard.
Jessica gestures wildly while chanting.
Jessica blinks!
Cardinal's ghost hits you.
* * * LOW HITPOINT WARNING * * *
You slash cardinal's ghost!
Cardinal's ghost is heavily damaged.
You closely miss the frilled lizard. The frilled lizard misses you.
Cardinal's ghost hits you.
* * * LOW HITPOINT WARNING * * *
An orc comes into view. It is wielding a flail of crushing.
You slash cardinal's ghost!
Cardinal's ghost is severely damaged.
You hit the frilled lizard.
You kill the frilled lizard!
Trog accepts your kill. Cardinal's ghost hits you.
You die...

##### #######
.....##.....##
.......<.....###
....................##
............(......o>
.lb........@W@..§### #
#.........††.....#
#.##................#
................)...#
#.................##
#.<...#......##
#.(......#.##.###
#$..###..#> .. ##..
....


You could see cardinal's ghost, Jessica and an orc.

Vanquished Creatures
  4 adders (D:2)
  2 oozes (D:2)
  A worm (D:3)
  2 giant cockroaches
  2 hobgoblins
  4 jackals (D:2)
  A quokka (D:3)
  10 bats
  4 frilled lizards
  9 goblins
  5 kobolds
  5 rats
49 creatures vanquished.

Notes
Turn   | Place    | Note
-------+----------+-------------------------------------------
     0 | D:1      | Fang the Gargoyle Berserker began the quest for the Orb.
     0 | D:1      | Reached XP level 1. HP: 14/14 MP: 1/1
    98 | D:1      | Reached XP level 2. HP: 14/19 MP: 2/2
   346 | D:1      | You fall through a shaft!
   386 | D:2      | Reached XP level 3. HP: 13/24 MP: 3/3
   541 | D:2      | Reached skill level 4 in Fighting
   671 | D:2      | Reached ** piety under Trog
   671 | D:2      | Reached XP level 4. HP: 21/29 MP: 4/4
  1599 | D:3      | Noticed cardinal's ghost (amateur DrBe)
  1607 | D:3      | Noticed Jessica
  1612 | D:3      | HP: 1/43 [cardinal's ghost (4)]
  1613 | D:3      | Slain by cardinal's ghost

Skill      XL: |  1  2  3  4 |
---------------+-------------+-----
Axes           | 3 |  3.7
Fighting       | 4 |  4.3
Dodging        | 2 |  2.1
Armour         | |  2.3
Stealth        | |  0.1

Action                   |  1- 3 |  4- 6 || total
-------------------------+-------+-------++-------
Melee: Hand axe          |    82 |    67 ||   149
Invok: Berserk           |       |     1 ||     1
 Stab: Sleeping          |     1 |     1 ||     2
  Eat: Chunk             |       |     2 ||     2
Armor: Animal skin       |    38 |    30 ||    68
Dodge: Dodged            |    65 |    56 ||   121
